 Dungeon Crawl Stone Soup version 0.29-a0-8-g0446c0dae4 (webtiles) character file.

Game seed: 4429065994143132398

10345 robertstho the Thaumaturge (level 11, -36/76 HPs)
             Began as a Djinni Fire Elementalist on Jan 27, 2022.
             Was a Believer of Makhleb.
             Blown up by a great orb of eyes (44 damage)
             ... with a mindburst bolt
             ... while paralysed by a great orb of eyes
             ... in a Gauntlet.
             The game lasted 00:22:42 (15115 turns).

robertstho the Thaumaturge (DjFE)                  Turns: 15115, Time: 00:22:42

Health: -36/76     AC:  8    Str:  7    XL:     11   Next: 91%
Gold:   727        EV:  2    Int: 20    God:    Makhleb [**....] SH:  0 Dex: 21

rFire   + + +      SeeInvis +   g - staff of fire
rCold   . . .      Faith    .   (no shield)
rNeg    . . .      Spirit   .   R - +0 troll leather armour
rPois   ∞          Reflect  +   r - +0 helmet
rElec   +          Harm     .   B - +0 cloak
rCorr   .          Rampage  .   w - +1 pair of gloves
Will    +....      NoTele   +   (boots unavailable)
Stlth   +++.......              v - amulet of reflection
HPRegen 1.02/turn               l - ring of protection from cold
MPRegen 0.00/turn               m - ring "Umabi" {rElec rF+ Dex+6 SInv}

@: paralysed, flying, studying Invocations
A: sickness immunity, fire resistance 2, cold vulnerability 1, float, innate
caster, hp casting, extra vitality 1
a: Renounce Religion, Minor Destruction


You were in a Gauntlet.
You worshipped Makhleb.
Makhleb was pleased with you.
You visited 2 branches of the dungeon, and saw 13 of its levels.
You also visited: Sewer and Gauntlet.

You collected 727 gold pieces.

Inventory:

Hand Weapons
 z - the +6 dagger "Edghysif" {protect, rN+ Str+3}
   (You found it on level 5 of the Dungeon)

   It grants its wielder temporary protection when it strikes (+7 to AC).
   Str:       It affects your strength (+3).
   rN:        It protects you from negative energy.
 H - a +5 scimitar of flaming
Armour
 r - a +0 helmet (worn)
 w - a +1 pair of gloves (worn)
 B - a +0 cloak (worn)
 R - a +0 troll leather armour (worn)
Magical Staves
 g - a staff of fire (weapon)
Jewellery
 l - a ring of protection from cold (left hand)
 m - the ring "Umabi" (right hand) {rElec rF+ Dex+6 SInv}
   (You acquired it on level 4 of the Dungeon)

   [ring of dexterity]

   Dex:       It affects your dexterity (+6).
   rF:        It protects you from fire.
   rElec:     It insulates you from electricity.
   SInv:      It lets you see invisible.
 n - a +6 ring of strength
 u - a ring of willpower
 v - an amulet of reflection (around neck)
 G - a ring of protection from cold
 J - a ring of wizardry
Wands
 o - a wand of iceblast (20)
 C - a wand of acid (9)
 K - a wand of paralysis (4)
 L - a wand of flame (9)
 N - a wand of polymorph (17)
Scrolls
 a - a scroll of blinking
 c - 13 scrolls of teleportation
 i - a scroll of holy word
 p - 3 scrolls of enchant armour
 s - a scroll of brand weapon
 t - 3 scrolls of vulnerability
 y - a scroll of fear
 Q - a scroll of fog
Potions
 b - 3 potions of resistance {unknown}
 e - 5 potions of mutation {unknown}
 f - 3 potions of lignification {unknown}
 h - 3 potions of berserk rage {unknown}
 k - 8 potions of heal wounds {unknown}
 q - 3 potions of attraction {unknown}
 x - 2 potions of brilliance
 A - 2 potions of experience {unknown}
 D - a potion of invisibility {unknown}
 F - a potion of might {unknown}
 I - a potion of ambrosia
 M - a potion of cancellation
 S - a potion of magic {unknown}
Miscellaneous
 O - a lightning rod (4/4)


   Skills:
 * Level 5.7 Fighting
 + Level 0.5 Staves
 + Level 1.0 Armour
 + Level 3.5 Dodging
 + Level 3.7 Stealth
 + Level 1.4 Shields
 * Level 12.1 Spellcasting
 * Level 6.9 Invocations


You had 6 spell levels left.
You knew the following spells:

 Your Spells              Type           Power      Damage    Failure   Level
a - Foxfire               Conj/Fire      100%       2x1d9     1%          1
b - Scorch                Fire           100%       2d10      1%          2
c - Conjure Flame         Conj/Fire      74%        6-21      1%          3
d - Inner Flame           Hex/Fire       74%        N/A       1%          3
e - Flame Wave            Conj/Fire      74%        2d13      1%          4
f - Shock                 Conj/Air       100%       1d9       1%          1
g - Call Imp              Summ           57%        N/A       1%          2
h - Tukima's Dance        Hex            57%        N/A       1%          3
i - Petrify               Tmut/Erth      57%        N/A       1%          4
j - Lee's Rapid Deconstr  Erth           28%        3d16*     1%          5
Your spell library was empty.

Dungeon Overview and Level Annotations

Branches:
Dungeon (12/15)            Temple (1/1) D:6            Lair (0/6) D:10
    Orc (0/2) D:12          Sewer (visited)         Gauntlet (1/1)

Altars:
Dithmenos
Gozag
Hepliaklqana
Makhleb
Okawaru
Qazlal
Ru
Sif Muna
Trog
Uskayaw
Xom
Yredelemnul

Shops:
D:5 :   D:8 *   D:10 =

Annotations:
Gauntlet 7 transporters, 1 runed translucent door


Innate Abilities, Weirdness & Mutations

You are immune to sickness and miasma.
You are immune to poison.
Your flesh is very heat resistant. (rF++)
You are vulnerable to cold. (rC-)
You float through the air rather than walking.
You learn spells naturally, not from books.
Your magical power is your life essence.
You have superior vitality. (+4 MHP)


Message History

The great orb of eyes bites you!
Unknown command.
Casting: Lee's Rapid Deconstruction (dangerous; 1% risk of failure)
Confirm with . or Enter, or press ? or * to list all spells.
Aiming: Lee's Rapid Deconstruction (dangerous; 1% risk of failure)
Press: ? - help, Dir - move target A stone wall.
The wall shatters!
The blast of rock fragments hits the great orb of eyes!
The great orb of eyes is heavily wounded.
The blast of rock fragments hits the green ugly thing!
The green ugly thing is severely wounded.
The great orb of eyes gazes at you.
Your mind is blasted!
Ouch! That really hurt!
* * * LOW HITPOINT WARNING * * *
Unknown command.
You feel better.
The great orb of eyes closely misses you.
Casting: Lee's Rapid Deconstruction (dangerous; 1% risk of failure)
Confirm with . or Enter, or press ? or * to list all spells.
Aiming: Lee's Rapid Deconstruction (dangerous; 1% risk of failure)
Press: ? - help, Dir - move target A stone wall.
The wall shatters!
The blast of rock fragments hits the great orb of eyes!
The great orb of eyes is severely wounded.
The blast of rock fragments hits the green ugly thing!
The green ugly thing is almost dead.
* * * LOW HITPOINT WARNING * * *
The great orb of eyes gazes at you.
You suddenly lose the ability to move!
The great orb of eyes bites you!
* * * LOW HITPOINT WARNING * * *
The great orb of eyes gazes at you.
You struggle to resist.
The great orb of eyes gazes at you.
Your mind is blasted!
Ouch! That really hurt!
You die...

#....#....................
#....#.∩..................
#...©#..#########..#######
#....#..#!.)....#..#......
....###..#=#####.#..#[###'#
##.. #§..#©#....u####.#≈..#
... ##§.###.#####©©#©#≈©.#
## #§§.#.Gu#...####.#≈..#
##§.#@###.#.#..#.###+#
#≈..#.'...#©#..#......
##..#########..#######
#§....................
##....................
#≈#≈#≈#≈#§#≈#≈#≈#≈#≈#
#####################


You could see a great orb of eyes and a green ugly thing.

Vanquished Creatures
  Erica (D:11)
  2 two-headed ogres
  A wizard (Gauntlet)
  A cyclops (D:11)
  Joseph (D:9)
  An unseen horror (D:12)
  2 trolls
  2 shadows (D:9)
  A yak (D:10)
  3 wyverns
  3 wraiths (D:11)
  A human (D:12)
  2 steam dragons
  A warg (D:12)
  2 swamp worms (Gauntlet)
  4 vampire mosquitoes (D:12)
  3 orc warriors
  A water moccasin (D:6)
  A black bear (D:5)
  A sky beast (D:7)
  A necrophage (D:4)
  An ogre (D:5)
  4 centaurs
  A phantom (D:6)
  A kobold brigand (D:9)
  2 bullfrogs
  A scorpion (D:7)
  7 centaur zombies
  A jelly (D:7)
  A bullfrog zombie (D:6)
  4 hounds
  6 orc priests
  3 centaur skeletons (D:7)
  2 iguanas (D:6)
  17 orc wizards
  Natasha (thrice) (D:4)
  A hell rat (Sewer)
  Ijyb (D:3)
  A killer bee zombie (D:8)
  2 howler monkey zombies
  4 gnolls
  11 adders
  6 river rats
  2 white imps (Gauntlet)
  An ufetubus (D:5)
  3 worms (D:5)
  3 dart slugs
  34 orcs
  2 endoplasms
  4 giant cockroaches
  9 goblins
  12 hobgoblins
  6 jackals
  10 kobolds
  6 quokkas
  7 ball pythons
  3 bats
  3 frilled lizards
  11 rats
231 creatures vanquished.

Vanquished Creatures (collateral kills)
  3 foxfires (D:3)
3 creatures vanquished.

Vanquished Creatures (others)
  942 foxfires
  2 plants (D:3)
  3 withered plants (Gauntlet)
947 creatures vanquished.

Grand Total: 1181 creatures vanquished

Notes
Turn   | Place    | Note
-------+----------+-------------------------------------------
     0 | D:1      | robertstho the Djinni Fire Elementalist began the quest for
                  | the Orb.
     0 | D:1      | Reached XP level 1. HP: 15/15 MP: 0/0
   252 | D:1      | Reached XP level 2. HP: 10/21 MP: 0/0
   745 | D:1      | Reached skill level 3 in Spellcasting
   897 | D:1      | Reached XP level 3. HP: 24/26 MP: 0/0
   897 | D:1      | Learned a level 1 spell: Shock
  2114 | D:2      | Reached skill level 1 in Fighting
  2220 | D:2      | Reached XP level 4. HP: 30/32 MP: 0/0
  2986 | D:3      | Noticed Ijyb
  2995 | D:3      | Killed Ijyb
  3002 | D:3      | Reached XP level 5. HP: 8/37 MP: 0/0
  3002 | D:3      | Learned a level 2 spell: Call Imp
  3433 | D:3      | Found a faded altar of an unknown god.
  3599 | D:3      | Found a bloodstained altar of Trog.
  3599 | D:3      | Found an iron altar of Okawaru.
  3604 | D:3      | Reached skill level 4 in Spellcasting
  4401 | D:4      | Noticed Natasha
  4406 | D:4      | Killed Natasha
  4407 | D:4      | Reached XP level 6. HP: 33/42 MP: 0/0
  4498 | D:4      | Noticed a necrophage
  4503 | D:4      | Killed a necrophage
  4621 | D:4      | Noticed Natasha
  4625 | D:4      | Killed Natasha
  4626 | D:4      | Reached skill level 5 in Spellcasting
  5036 | D:4      | Noticed Natasha
  5041 | D:4      | Killed Natasha
  5191 | D:4      | Identified a scroll of acquirement
  5191 | D:4      | Acquired the ring "Umabi" {rElec rF+ Dex+6 SInv}
  5260 | D:5      | Entered Level 5 of the Dungeon
  5260 | D:5      | Found Beoseneoh's Book Shoppe.
  5264 | D:5      | Reached XP level 7. HP: 40/47 MP: 0/0
  5264 | D:5      | Learned a level 3 spell: Tukima's Dance
  5525 | D:5      | Reached skill level 6 in Spellcasting
  5591 | D:5      | Found a glowing drain.
  5599 | Sewer    | Entered a sewer
  6069 | D:5      | Identified the +6 dagger "Edghysif" {protect, rN+ Str+3}
  6299 | D:5      | Reached XP level 8. HP: 46/54 MP: 0/0
  6485 | D:6      | Found a staircase to the Ecumenical Temple.
  6653 | Temple   | Entered the Ecumenical Temple
  6713 | Temple   | Became a worshipper of Makhleb the Destroyer
  6797 | D:6      | Found a sacrificial altar of Ru.
  6812 | D:6      | Reached skill level 7 in Spellcasting
  6958 | D:6      | Reached skill level 1 in Invocations
  7287 | D:6      | Reached XP level 9. HP: 53/59 MP: 0/0
  7287 | D:6      | Learned a level 4 spell: Petrify
  7629 | D:7      | Acquired a manual of Invocations
  7678 | D:7      | Reached skill level 8 in Spellcasting
  7753 | D:7      | Found an opulent altar of Gozag.
  7794 | D:7      | Reached * piety under Makhleb
  8247 | D:7      | Identified the +5 dagger of Kyapsez {vorpal, *Corrode rC+
                  | Will+ MP+9}
  9297 | D:8      | Noticed a two-headed ogre
  9302 | D:8      | Killed a two-headed ogre
  9303 | D:8      | Reached skill level 1 in Shields
  9303 | D:8      | Reached skill level 9 in Spellcasting
  9496 | D:8      | Reached XP level 10. HP: 40/67 MP: 0/0
  9966 | D:8      | Found Lixet's Fire Supplies.
 10534 | D:9      | Found a hide-covered altar of Uskayaw.
 10730 | D:9      | Noticed a +0 dagger
 10731 | D:9      | Noticed a +0 hand axe
 10762 | D:9      | Noticed Joseph
 10772 | D:9      | Killed Joseph
 11262 | D:9      | Reached skill level 10 in Spellcasting
 11395 | D:9      | Reached skill level 5 in Invocations
 11809 | D:10     | Entered Level 10 of the Dungeon
 11817 | D:10     | Noticed a death yak
 12201 | D:10     | Noticed a death yak
 12202 | D:10     | Noticed a death yak
 12707 | D:10     | Found Peal's Jewellery Emporium.
 12838 | D:10     | Found a staircase to the Lair.
 13368 | D:11     | Noticed a two-headed ogre
 13377 | D:11     | Killed a two-headed ogre
 13378 | D:11     | Reached skill level 5 in Fighting
 13378 | D:11     | Reached XP level 11. HP: 40/75 MP: 0/0
 13378 | D:11     | Learned a level 5 spell: Lee's Rapid Deconstruction
 13756 | D:11     | Noticed Erica
 13762 | D:11     | Reached skill level 11 in Spellcasting
 13765 | D:11     | Killed Erica
 14393 | D:11     | Noticed a cyclops
 14398 | D:11     | Killed a cyclops
 14764 | D:12     | Found a staircase to the Orcish Mines.
 14850 | D:12     | Found a gate leading to a gauntlet.
 14859 | Gauntlet | Entered a Gauntlet
 14859 | Gauntlet | Noticed a wizard
 14859 | Gauntlet | Found a transporter.
 14859 | Gauntlet | Found a transporter.
 14879 | Gauntlet | Found a transporter.
 14879 | Gauntlet | Noticed a necromancer
 14883 | Gauntlet | Found a transporter.
 14893 | Gauntlet | Found a transporter.
 14894 | Gauntlet | Noticed a soul eater
 14895 | Gauntlet | Found a transporter.
 14902 | Gauntlet | Noticed a thrashing horror
 14905 | Gauntlet | Found a transporter.
 14924 | Gauntlet | Found a transporter.
 14924 | Gauntlet | Noticed a great orb of eyes
 14928 | Gauntlet | Found a runed translucent door.
 14942 | Gauntlet | Found a transporter.
 14943 | Gauntlet | Found a transporter.
 14947 | Gauntlet | Found a runed translucent door.
 14951 | Gauntlet | Found a transporter.
 14954 | Gauntlet | Found a transporter.
 14987 | Gauntlet | Found a runed translucent door.
 14996 | Gauntlet | Noticed a green ugly thing
 15023 | Gauntlet | Reached ** piety under Makhleb
 15025 | Gauntlet | Killed a wizard
 15026 | Gauntlet | Reached skill level 1 in Armour
 15026 | Gauntlet | Reached skill level 12 in Spellcasting
 15102 | Gauntlet | Paralysed by a great orb of eyes for 6 turns
 15112 | Gauntlet | Paralysed by a great orb of eyes for 4 turns
 15115 | Gauntlet | Blown up by a great orb of eyes

Illustrated notes

Levels and vault maps discovered:
D:1:      evilmike_arrival_crescent, layout_rooms,
          hangedman_decor_diamond_cutter
D:2:      layout_basic
D:3:      layout_rooms, grunt_temple_overflow_bloody_war,
          shapermc_ecumenical_altar_flowoftime, saegor_snake_ambush, uniq_ijyb
D:4:      layout_cave_pods, uniq_natasha
D:5:      layout_basic, mainiacjoe_overflow_six_doors_small, serial_shops,
          nicolae_shop_stone, lightli_sewer_entry_pipes, moated_statue
D:6:      minmay_flawed_box, layout_rooms, lemuel_crystal_altar,
          minmay_temple_entry_butterflies
D:7:      layout_layer_cave, mainiacjoe_overflow_boulevard, st_stairs_12
D:8:      layout_basic, nicolae_shop_fire_sale [nicolae_sub_dead_trees],
          minmay_holes, serial_park_tiny_1
D:9:      layout_stronghold, dancing_weapons_uskayaw, hangedman_decor_riveting,
          uniq_joseph
D:10:     layout_basic, dpeg_lair_monsters, serial_shops, shop,
          palyth_stone_intersect, minivault_21, minmay_misc_feat_diagonals
D:11:     layout_rooms, uniq_erica
D:12:     layout_stronghold, erik_orc_4, gauntlet_entry_generic, uniq_maurice
Temple:   nicolae_temple_elliptical
Gauntlet: minmay_gauntlet_mixed_big_or_small [gammafunk_gauntlet_arena_mazey,
          minmay_gauntlet_arena_77_checkered, gammafunk_gauntlet_arena_teeth,
          minmay_gauntlet_arena_77_shame_cube, gammafunk_gauntlet_arena_corners,
          minmay_gauntlet_arena_77_path, nicolae_gauntlet_exit_dead_adventurers]

Skill      XL: |  1  2  3  4  5  6  7  8  9 10 11 |
---------------+----------------------------------+-----
Spellcasting   | 3 4 5 6 7 9 10 12 | 12.1
Fighting       | 1 2 3 5 |  5.7
Stealth        | 2 3 |  3.7
Invocations    | 1 3 5 6 |  6.9
Shields        | 1 |  1.4
Dodging        | 3 |  3.5
Armour         | 1 |  1.0
Staves         | |  0.5

Action                   |  1- 3 |  4- 6 |  7- 9 | 10-12 || total
-------------------------+-------+-------+-------+-------++-------
Melee: Staff             |       |       |    22 |    14 ||    36
       Punch             |       |       |       |     1 ||     1
 Cast: Foxfire           |    96 |   122 |   178 |   147 ||   543
       Scorch            |       |     9 |    41 |    65 ||   115
       Flame Wave        |       |       |     2 |     3 ||     5
       Petrify           |       |       |       |     5 ||     5
       Conjure Flame     |       |       |       |     2 ||     2
       Lee's Rapid Decon |       |       |       |    42 ||    42
  Use: Scroll            |     1 |     7 |     3 |     9 ||    20
       Potion            |       |       |     3 |     2 ||     5
 Stab: Distracted        |       |       |     2 |       ||     2
Armor: Robe              |       |       |    24 |    27 ||    51
       Troll leather arm |       |       |       |     4 ||     4
Dodge: Dodged            |     5 |     4 |    28 |    46 ||    83
Block: Other             |       |       |    16 |    16 ||    32
       Reflection        |       |       |     1 |       ||     1

Table legend: (Time is in decaauts)
 A = Elapsed time spent in this place.
 B = Non-inter-level travel time spent in this place.
 C = Inter-level travel time spent in this place.
 D = Time resting spent in this place.
 E = Time spent auto-exploring this place.
 F = Levels seen in this place.
 G = Mean time per level.
                   A        B        C        D        E       F      G
               +--------+--------+--------+--------+--------+-----+--------+
         Total |  15120 |  14571 |    549 |   1452 |  11408 |  15 | 1008.0 |
       Dungeon |  14401 |  13872 |    529 |   1198 |  11125 |  12 | 1200.1 |
        Temple |     67 |     47 |     20 |      0 |     42 |   1 |   67.0 |
         Sewer |    395 |    395 |      0 |    223 |    123 |   1 |  395.0 |
      Gauntlet |    255 |    255 |      0 |     31 |    118 |   1 |  255.0 |
               +--------+--------+--------+--------+--------+-----+--------+

Top non-repeatable levels by time:
     D:9: 1936 daAuts
     D:7: 1572 daAuts
     D:2: 1455 daAuts
     D:1: 1382 daAuts
     D:8: 1317 daAuts
     D:3: 1239 daAuts
    D:11: 1180 daAuts
     D:4: 1178 daAuts
     D:6: 1096 daAuts
    D:10: 901 daAuts
     D:5: 807 daAuts
   Sewer: 395 daAuts
    D:12: 332 daAuts
Gauntlet: 255 daAuts
  Temple: 67 daAuts
